 Dungeon Crawl Stone Soup version 0.17.0-26-gececa24 (webtiles) character file.

156 Oni the Sneak (level 5, -9/36 HPs)
             Began as a Vampire Enchanter on Nov 20, 2015.
             Mangled by a gnoll
             ... wielding a +0 halberd
              (13 damage)
             ... on level 3 of the Dungeon.
             The game lasted 00:07:08 (1972 turns).

Oni the Sneak (Vampire Enchanter)                   Turns: 1972, Time: 00:07:09

Health: -9/36      AC:  4    Str:  7    XL:     5   Next: 14%
Magic:  0/8        EV: 13    Int: 19    God:
Gold:   62         SH:  0    Dex: 14    Spells: 3 memorised, 2 levels left

rFire  . . .     SeeInvis +     e - +1 short sword (venom)
rCold  + . .     Clarity  .     b - +2 robe
rNeg   + + .     SustAt   .     (no shield)
rPois  +         Gourm    .     (no helmet)
rElec  .         Spirit   .     (no cloak)
rCorr  .         Warding  .     (no gloves)
rMut   .         Stasis   .     (no boots)
MR     .....                    (no amulet)
Stlth  ++++......               (no ring)
                                h - ring of wizardry

@: very slightly contaminated, regenerating slowly, not resistant to hostile
enchantments, stealthy
A: fangs 3, see invisible, unbreathing
a: Bat Form


You were on level 3 of the Dungeon.
You were very thirsty.

You visited 1 branch of the dungeon, and saw 3 of its levels.

You collected 62 gold pieces.

Inventory:

Hand Weapons
 e - a +1 short sword of venom (weapon)
Armour
 b - a +2 robe (worn)
 g - a +0 pair of boots
Jewellery
 h - a ring of wizardry (left hand)
Scrolls
 f - 4 scrolls of remove curse
Potions
 d - 5 potions of blood
Books
 c - a book of Maledictions

   Spells                             Type                      Level
   a - Corona                         Hexes                        1
   b - Ensorcelled Hibernation        Hexes/Ice                    2
   c - Confuse                        Hexes                        3
   d - Tukima's Dance                 Hexes                        3
   e - Dazzling Spray                 Conjuration/Hexes            3


   Skills:
 + Level 0.3 Fighting
 + Level 1.9 Short Blades
 + Level 3.4 Dodging
 + Level 6.7 Stealth
 + Level 2.4 Spellcasting
 + Level 4.8 Hexes
 + Level 0.6 Ice Magic


You had 2 spell levels left.
You knew the following spells:

 Your Spells              Type           Power        Failure   Level  Hunger
a - Corona                Hex            ###....      1%          1    #......
b - Ensorcelled Hibernat  Hex/Ice        ##....       4%          2    ##.....
c - Confuse               Hex            ###.....     4%          3    ###....


Dungeon Overview and Level Annotations

Branches:
Dungeon (3/15)

Altars:

Annotations:
D:3 Natasha


Innate Abilities, Weirdness & Mutations

You heal slowly.
You have razor-sharp teeth.
You have supernaturally acute eyesight.
You can survive without breathing.


Message History

Casting: Ensorcelled Hibernation
Confirm with . or Enter, or press ? or * to list all spells.
Aiming: Ensorcelled Hibernation
Press: ? - help, Shift-Dir - straight line, f/p - gnoll
Aim: a gnoll, wielding a halberd (chance to defeat MR: 51%)
The gnoll resists with some effort.
The gnoll hits you from afar with a halberd!
* * * LOW HITPOINT WARNING * * *
Drink which item? (? for menu, Esc to quit)
Okay, then.
Casting: Ensorcelled Hibernation
Confirm with . or Enter, or press ? or * to list all spells.
Aiming: Ensorcelled Hibernation
Press: ? - help, Shift-Dir - straight line, f/p - gnoll
Aim: a gnoll, wielding a halberd (chance to defeat MR: 51%)
You miscast Ensorcelled Hibernation.
You are very lightly contaminated with residual magic.
Your skin glows momentarily.
The gnoll hits you from afar with a halberd!
You die...

O#.###.# #.# .. >(.).†.#########
##.## ###### .#.###....go...#
##...###..... ##.#
#########o######.....##.#### ##.#
##............##.# #. ...#
#.....###.)...##.# #. ##.#
#.###.####...###.# #. .#†#
########o###........>##.###. ...#
.........g.@.........##.....
...##.#######.##########..##.####
.......# #)# #..##.# .......#
####.## #..##.# .......# #.....#
#).##.#### #.†....# #.##..#
#####.(....(.. ##.....#
#.##..#####.)........... #.#.###
#.##...†(().#######.#### ##.#.#
#....######## #.#


You could see a gnoll and an orc.

Vanquished Creatures
  Terence (D:2)
  6 adders
  An ooze (D:1)
  2 worms
  6 giant geckos
  4 orcs (D:3)
  A ball python (D:1)
  4 giant cockroaches
  5 hobgoblins
  4 jackals (D:2)
  A quokka (D:2)
  5 bats
  3 giant newts
  7 goblins
  A kobold (D:1)
  5 rats
56 creatures vanquished.

Notes
Turn   | Place    | Note
--------------------------------------------------------------
     0 | D:1      | Oni the Vampire Enchanter began the quest for the Orb.
     0 | D:1      | Reached XP level 1. HP: 13/13 MP: 3/3
   506 | D:1      | Reached XP level 2. HP: 17/19 MP: 5/5
   575 | D:1      | Reached skill level 5 in Stealth
  1139 | D:2      | Learned a level 2 spell: Ensorcelled Hibernation
  1197 | D:2      | Reached XP level 3. HP: 22/24 MP: 6/6
  1226 | D:2      | Learned a level 3 spell: Confuse
  1311 | D:2      | Noticed Terence
  1420 | D:2      | Killed Terence
  1420 | D:2      | Reached skill level 6 in Stealth
  1420 | D:2      | Reached XP level 4. HP: 30/30 MP: 4/7
  1861 | D:3      | Reached XP level 5. HP: 31/36 MP: 6/8
  1941 | D:3      | Noticed an ogre
  1946 | D:3      | Noticed Natasha
  1972 | D:3      | Mangled by a gnoll

Action                   |  1- 3 |  4- 6 || total
-------------------------+-------+-------++-------
Melee: Dagger            |    99 |       ||    99
       Short sword       |       |    52 ||    52
 Cast: Corona            |     3 |       ||     3
       Ensorcelled Hiber |     4 |    11 ||    15
  Use: Scroll            |     5 |     4 ||     9
       Potion            |     3 |     1 ||     4
 Stab: Sleeping          |    11 |    12 ||    23
